 Dungeon Crawl Stone Soup version 0.31-a0-175-g9f7f995f2b (webtiles) character file.

Game seed: 12693664097792960717

50213 Anon1729 the Fencer (level 14, -8/127 HPs)
             Began as a Minotaur Monk on June 16, 2023.
             Was a Believer of Uskayaw.
             Mangled by a komodo dragon (41 damage)
             ... on level 5 of the Lair of Beasts.
             The game lasted 00:12:43 (13033 turns).

Anon1729 the Fencer (Minotaur Monk)                Turns: 13033, Time: 00:12:44

Health: -8/127     AC: 11    Str: 16    XL:     14   Next: 18%
Magic:  17/20      EV:  2    Int:  7    God:    Uskayaw [**....]
Gold:   1232       SH:  0    Dex: 24    Spells: 13/13 levels left

rFire   + . .        b - +4 long sword (vamp)
rCold   . . .        d - orb {light}
rNeg    . . .        o - +0 robe
rPois   .            u - +2 hat
rElec   .            L - +2 cloak
rCorr   .            p - +0 pair of gloves
SInv    .            v - +0 pair of boots
Will    +....        I - amulet of regeneration
Stlth   +            s - +6 ring of dexterity
HPRegen 1.21/turn    H - ring of protection from fire
MPRegen 0.17/turn

%: no passive effects
@: lethally poisoned (-8 -> -9), sleeping, slowed, glowing
A: horns 2, retaliatory headbutt
a: Renounce Religion, Stomp, Line Pass


You were on level 5 of the Lair of Beasts.
You worshipped Uskayaw.
Uskayaw was aware of your devotion.
You visited 3 branches of the dungeon, and saw 18 of its levels.
You also visited: Ossuary.

You collected 1232 gold pieces.

Inventory:

Hand Weapons
 a - a +1 dagger of electrocution
 b - a +4 vampiric long sword (weapon)
 w - a +0 spectral short sword
 G - a +2 dagger of venom
Armour
 d - an orb of light (worn)
 o - a +0 robe (worn)
 p - a +0 pair of gloves (worn)
 u - a +2 hat (worn)
 v - a +0 pair of boots (worn)
 L - a +2 cloak (worn)
Jewellery
 m - an amulet of magic regeneration
 s - a +6 ring of dexterity (left hand)
 z - a ring of protection from cold
 F - a ring of flight
 H - a ring of protection from fire (right hand)
 I - an amulet of regeneration (around neck)
 N - a +6 ring of dexterity
 P - an amulet of reflection
 S - a ring of poison resistance
 V - a +5 ring of evasion
 W - a +6 ring of dexterity
Wands
 r - a wand of iceblast (19)
 O - a wand of flame (15)
 U - a wand of polymorph (5)
Scrolls
 f - a scroll of fear
 h - a scroll of enchant armour
 i - a scroll of fog
 j - 4 scrolls of torment
 l - 3 scrolls of immolation
 n - 4 scrolls of amnesia
 q - a scroll of vulnerability
 x - 4 scrolls of silence
 y - 2 scrolls of revelation
 M - 7 scrolls of teleportation
 T - 2 scrolls of poison {unknown}
 X - a scroll of noise {unknown}
Potions
 c - 4 potions of ambrosia
 e - 5 potions of curing
 g - 5 potions of invisibility
 k - 2 potions of lignification {unknown}
 t - 3 potions of resistance {unknown}
 A - 3 potions of mutation {unknown}
 B - 2 potions of berserk rage {unknown}
 C - 3 potions of enlightenment {unknown}
 D - 2 potions of brilliance {unknown}
 E - a potion of magic {unknown}
 J - a potion of haste {unknown}
 K - a potion of degeneration {unknown}
 Q - 2 potions of attraction {unknown}
Miscellaneous
 R - a box of beasts


   Skills:
 + Level 12.9 Fighting
 - Level 3.2(10.9) Short Blades
 * Level 17.2(17.4) Long Blades
 + Level 12.4 Armour
 + Level 11.6 Dodging
 + Level 10.2 Invocations


You had 13 spell levels left.
You didn't know any spells.
Your spell library contained the following spells:

 Spells                   Type           Power      Damage    Failure   Level
 Freeze                   Ice            0%         1d3       43%         1
 Slow                     Hex            0%         N/A       43%         1
 Cigotuvi's Dreadful Rot  Necr/Pois/Air  0%         N/A       56%         2
 Lesser Beckoning         Tloc           0%         N/A       56%         2
 Static Discharge         Conj/Air       0%         2-2/arc   56%         2
 Confusing Touch          Hex            0%         N/A       80%         3
 Frozen Ramparts          Ice            0%         1d1       80%         3
 Gell's Gravitas          Tloc           0%         N/A       80%         3
 Hailstorm                Conj/Ice       0%         3d3       80%         3
 Ozocubu's Armour         Ice            0%         N/A       80%         3
 Teleport Other           Tloc           0%         N/A       80%         3
 Vampiric Draining        Necr           0%         2d6       80%         3
 Airstrike                Air            0%         2d(0-16)  99%         4
 Dispel Undead            Necr           0%         3d6       99%         4
 Summon Lightning Spire   Summ/Air       0%         N/A       99%         4
 Metabolic Englaciation   Hex/Ice        0%         N/A       100%        5
 Death Channel            Necr           0%         N/A       100%        6
 Simulacrum               Ice/Necr       0%         N/A       100%        6
 Ozocubu's Refrigeration  Ice            0%         4d7       100%        7


Dungeon Overview and Level Annotations

Branches:
Dungeon (12/15)            Temple (1/1) D:5            Lair (5/5) D:10
  Snake (0/4) Lair:3        Slime (0/5) Lair:5          Orc (0/2) D:9
Ossuary (visited)
  Swamp: Lair:2-3    Shoals: Lair:2-3

Altars:
Ashenzari
Cheibriados
Elyvilon
Fedhas
Gozag
Hepliaklqana
Kikubaaqudgha
Makhleb
Nemelex Xobeh
Okawaru
Qazlal
Ru
Sif Muna
Trog
Uskayaw
Vehumet
Wu Jian
Xom
Yredelemnul
Zin
The Shining One
Jiyva

Shops:
D:1 (([   D:3 [   D:6 [

Annotations:
D:12 Lodul
Lair:1 1 runed translucent door, Geeruv's ghost, journeyman AtBr
Lair:4 exclusion: 2 oklob plants


Innate Abilities, Weirdness & Mutations

You have a pair of horns on your head.
You reflexively headbutt those who attack you in melee.


Message History

You are too injured to fight recklessly!
You are too injured to fight recklessly!
You are too injured to fight recklessly!
You are too injured to fight recklessly!
Unknown command.
The helpless komodo dragon fails to defend itself.
You hit the komodo dragon but do no damage.
The komodo dragon is heavily wounded.
You feel very sick.
The torpor snail is no longer paralysed.
The helpless komodo dragon fails to defend itself.
You hit the komodo dragon but do no damage.
The komodo dragon is heavily wounded.
You feel very sick.
The cane toad is no longer paralysed.
The dream sheep is no longer paralysed. x2
The dream sheep ruffle their wool and motes of dream dust sparkle, to no effect.
The dream sheep barely misses you.
The cane toad stings you but does no damage.
The helpless komodo dragon fails to defend itself.
You slash the komodo dragon!
You feel better.
The komodo dragon is severely wounded.
You feel very sick.
The komodo dragon is no longer paralysed.
The rime drake is no longer paralysed.
The cane toad closely misses you. You furiously retaliate!
You headbutt the cane toad.
The dream sheep bites you but does no damage.
The komodo dragon bites you!!
* * * LOW HITPOINT WARNING * * *
The torpor snail completely misses you. The cane toad closely misses you.
You furiously retaliate!
You headbutt the cane toad.
You stomp with the beat, sending a shockwave through the revellers around you!
The komodo dragon is almost dead.
The dream sheep is moderately wounded.
The cane toad is severely wounded.
The torpor snail is moderately wounded.
You feel very sick.
The dream sheep shake their wool and sparkle.
You feel drowsy...
You fall asleep.
The komodo dragon bites you!!!
You die...

### ########
#######P###..#.#.## #
#.#.##...#.....#.w##....
................@l......
##.#............YFY.....
#####.....#.#####k.....#
.###.......## #......
.........### ......
.........# ......
.........# .....
.##....... ..... .# .#.


You could see a torpor snail, a komodo dragon, a cane toad, a rime drake and 2
dream sheep.

Vanquished Creatures
  3 hydras
  4 two-headed ogres
  A catoblepas (Lair:4)
  A boulder beetle (D:10)
  A sixfirhy (D:9)
  Pikel (D:8)
  2 ugly things
  19 elephants
  4 black mambas
  An eye of devastation (Lair:5)
  A guardian serpent (Lair:3)
  18 cane toads
  A gargoyle (D:10)
  Maggie (D:6)
  A rime drake (Lair:1)
  An ice devil (D:9)
  11 komodo dragons
  3 trolls
  2 meliai (Lair:4)
  2 polar bears (Lair:3)
  Grinder (D:4)
  6 dream sheep
  22 blink frogs
  3 slime creatures (D:11)
  A shadow (D:10)
  2 ynoxinuls (Lair:5)
  4 basilisks
  10 wyverns
  44 yaks
  2 chaos spawn
  8 vampire mosquitoes
  An acid dragon (D:10)
  13 water moccasins
  A floating eye (Lair:5)
  2 orc warriors
  4 small abominations (Lair:5)
  2 ice beasts
  3 black bears
  21 wolves
  6 ogres
  4 centaurs
  A phantom (D:5)
  15 bullfrogs
  A kobold brigand (D:8)
  5 scorpions
  4 wights (D:8)
  26 killer bees
  2 howler monkeys
  A quasit (D:9)
  2 hounds
  Crazy Yiuf (D:7)
  5 orc priests
  A sleepcap (D:7)
  3 iguanas
  4 orc wizards
  A hell rat (Lair:4)
  9 mummies
  7 adders
  2 river rats (Lair:4)
  A shadow imp (D:7)
  A worm (D:2)
  3 dart slugs
  16 orcs
  7 endoplasms
  A giant cockroach (D:2)
  6 goblins
  4 hobgoblins
  3 quokkas
  3 ball pythons
  4 bats
  3 frilled lizards (D:1)
  3 gnoll zombies (Ossuary)
  A hobgoblin zombie (Ossuary)
  13 kobolds
  2 kobold zombies (Ossuary)
  2 orc zombies (Ossuary)
  4 rats
405 creatures vanquished.

Notes
Turn   | Place    | Note
-------+----------+-------------------------------------------
     0 | D:1      | Anon1729 the Minotaur Monk began the quest for the Orb.
     0 | D:1      | Reached XP level 1. HP: 19/19 MP: 0/0
     9 | D:1      | Found Xirhoar's Antique Weapon Shoppe.
    54 | D:1      | Reached skill level 1 in Long Blades
    92 | D:1      | Reached XP level 2. HP: 26/27 MP: 1/1
   354 | D:1      | Found Texzied's Antique Armour Shop.
   459 | D:1      | Found Pina's Antique Weapon Boutique.
   860 | D:2      | Reached skill level 1 in Armour
   994 | D:2      | Reached XP level 3. HP: 30/33 MP: 2/2
  1071 | D:3      | Reached skill level 1 in Invocations
  1090 | D:3      | Noticed a scorpion
  1102 | D:3      | Killed a scorpion
  1103 | D:3      | Reached skill level 2 in Long Blades
  1103 | D:3      | Reached XP level 4. HP: 30/40 MP: 2/4
  1226 | D:3      | Found Erenol's Armour Shop.
  1307 | D:3      | Reached skill level 3 in Long Blades
  1539 | D:3      | Reached XP level 5. HP: 47/47 MP: 5/5
  1684 | D:3      | Found an opulent altar of Gozag.
  1923 | D:4      | Found a sacrificial altar of Ru.
  2320 | D:4      | Noticed Grinder
  2337 | D:4      | Killed Grinder
  2338 | D:4      | Reached skill level 4 in Long Blades
  2338 | D:4      | Reached XP level 6. HP: 22/55 MP: 6/6
  2530 | D:4      | Found a burning altar of Makhleb.
  2595 | D:5      | Entered Level 5 of the Dungeon
  2596 | D:5      | Found a staircase to the Ecumenical Temple.
  2703 | D:5      | Reached skill level 5 in Fighting
  2759 | D:5      | Reached skill level 5 in Long Blades
  2759 | D:5      | Reached XP level 7. HP: 55/61 MP: 6/8
  2905 | D:5      | Found a blossoming altar of Fedhas.
  3052 | D:5      | Reached skill level 6 in Long Blades
  3052 | D:5      | Reached skill level 5 in Dodging
  3122 | D:5      | Reached XP level 8. HP: 70/70 MP: 9/9
  3250 | D:5      | Found a sand-covered staircase.
  3366 | Ossuary  | Entered an ossuary
  3875 | D:5      | Reached skill level 7 in Long Blades
  4008 | Temple   | Entered the Ecumenical Temple
  4126 | D:6      | Reached skill level 5 in Armour
  4310 | D:6      | Noticed Maggie
  4330 | D:6      | Killed Maggie
  4331 | D:6      | Reached skill level 8 in Long Blades
  4470 | D:6      | Found an ancient bone altar of Kikubaaqudgha.
  4586 | D:6      | Found a hide-covered altar of Uskayaw.
  4615 | D:6      | Found Goodar's Armour Boutique.
  4713 | D:6      | Identified the +7 hand axe of Equivalence {heavy, rN+ SInv}
  4814 | D:6      | Reached XP level 9. HP: 78/78 MP: 11/11
  5406 | D:7      | Found a sparkling altar of Nemelex Xobeh.
  5436 | D:7      | Reached skill level 9 in Long Blades
  5436 | D:7      | Reached skill level 5 in Invocations
  5517 | D:7      | Found a runed translucent door.
  5518 | D:7      | Noticed Crazy Yiuf
  5624 | D:7      | Killed Crazy Yiuf
  5701 | D:8      | Found a basalt altar of Yredelemnul.
  5822 | D:8      | Noticed Pikel
  5974 | D:8      | Killed Pikel
  5975 | D:8      | Reached skill level 10 in Long Blades
  5982 | D:8      | Reached XP level 10. HP: 73/88 MP: 13/13
  6081 | D:8      | Found a glowing silver altar of Zin.
  6362 | D:9      | Noticed a two-headed ogre
  6370 | D:9      | Killed a two-headed ogre
  6437 | D:9      | Found a staircase to the Orcish Mines.
  6509 | D:9      | Found a stormy altar of Qazlal.
  6555 | D:9      | Noticed a sixfirhy
  6852 | D:10     | Entered Level 10 of the Dungeon
  6992 | D:10     | Found a hazy altar of Hepliaklqana.
  7002 | D:10     | Noticed a two-headed ogre
  7007 | D:10     | Killed a two-headed ogre
  7008 | D:10     | Reached skill level 11 in Long Blades
  7069 | D:10     | Noticed a two-headed ogre
  7078 | D:10     | Killed a two-headed ogre
  7144 | D:10     | Found a staircase to the Lair.
  7196 | D:10     | Noticed a two-headed ogre
  7203 | D:10     | Killed a two-headed ogre
  7204 | D:10     | Reached XP level 11. HP: 83/97 MP: 15/15
  7427 | D:10     | Reached skill level 12 in Long Blades
  7627 | D:10     | Identified the +6 sling "Utatulos" {freeze, Fragile rElec
                  | rN+++ MP+9}
  7712 | D:11     | Noticed a boulder beetle
  7742 | D:10     | Killed a boulder beetle
  7803 | D:11     | Noticed a white ugly thing
  7929 | D:10     | Killed a white ugly thing
  8442 | D:12     | Noticed Lodul
  8499 | Lair:1   | Entered Level 1 of the Lair of Beasts
  8530 | Lair:1   | Reached skill level 10 in Fighting
  8530 | Lair:1   | Reached skill level 13 in Long Blades
  8614 | D:9      | Killed a sixfirhy
  8835 | D:6      | Became a worshipper of Uskayaw the Reveller
  8835 | D:6      | Reached * piety under Uskayaw
  9000 | Lair:1   | Reached ** piety under Uskayaw
  9055 | Lair:1   | Found a runed translucent door.
  9055 | Lair:1   | Noticed Geeruv's ghost (journeyman AtBr)
  9136 | Lair:1   | Reached XP level 12. HP: 101/107 MP: 16/16
  9136 | Lair:1   | Reached *** piety under Uskayaw
  9139 | Lair:1   | Reached **** piety under Uskayaw
  9143 | Lair:1   | Reached ***** piety under Uskayaw
  9150 | Lair:1   | Reached ****** piety under Uskayaw
  9168 | Lair:1   | Reached skill level 10 in Armour
  9191 | Lair:1   | Reached skill level 14 in Long Blades
  9856 | Lair:1   | Reached skill level 10 in Dodging
 10246 | Lair:2   | You fall into a shaft and drop 2 floors!
 10286 | Lair:4   | Reached skill level 15 in Long Blades
 10506 | Lair:4   | Noticed an eight-headed hydra
 10527 | Lair:4   | Killed a 16-headed hydra
 10765 | Lair:4   | Reached XP level 13. HP: 116/116 MP: 18/18
 11313 | Lair:5   | Entered Level 5 of the Lair of Beasts
 11440 | Lair:3   | HP: 2/117 [15-headed hydra (4)]
 11443 | Lair:3   | Found a staircase to the Snake Pit.
 11448 | Lair:3   | HP: 3/118 [guardian serpent/bolt of poison (17)]
 11572 | Lair:3   | Reached skill level 16 in Long Blades
 12699 | Lair:5   | Reached skill level 10 in Invocations
 12741 | Lair:5   | Found a viscous altar of Jiyva.
 12741 | Lair:5   | Found a staircase to the Slime Pits.
 12743 | Lair:5   | Paralysed by a floating eye for 3 turns
 12775 | Lair:5   | Reached XP level 14. HP: 122/127 MP: 20/20
 12823 | Lair:5   | Reached skill level 17 in Long Blades
 13033 | Lair:5   | Mangled by a komodo dragon

Illustrated notes

Levels and vault maps discovered:
D:1:      tarquinn_simple_flora_water_c, layout_basic, serial_shops, shop, shop,
          shop
D:2:      layout_basic, basic_altar, nicolae_kite_square_tiling_tiny
D:3:      layout_loops_ring, mainiacjoe_overflow_brackets, serial_shops,
          nicolae_lakefront_shop
D:4:      layout_basic, mainiacjoe_overflow_tiny_flanked,
          mainiacjoe_overflow_six_doors_small, uniq_grinder
D:5:      layout_loops_corners, marbit_many_paths,
          minmay_temple_entry_statues_pillars, gup_ossuary_entry_pyramid,
          kennysheep_generic_room_5
D:6:      layout_gridville, nicolae_uskayaw_suspiria,
          nicolae_kikubaaqudgha_miasma_corner, serial_shops,
          nicolae_shop_tiny_waterfront, minmay_splitting_lines, uniq_maggie
D:7:      hellmonk_ruined_rings, layout_rooms, nicolae_overflow_hidden_temple,
          nicolae_water_bricks, uniq_crazy_yiuf_cottage
D:8:      layout_rooms, mainiacjoe_overflow_catwalk,
          mainiacjoe_overflow_24_doors, uniq_pikel
D:9:      layout_rooms, nicolae_qazlal_style_of_elements, orc_0_dummy,
          serial_demonic, serial_demonic_c, serial_demonic_a, serial_demonic_c,
          serial_demonic_d
D:10:     layout_long_grid, mainiacjoe_overflow_boulevard, lair_entry_dummy
D:11:     layout_small_grid
D:12:     layout_cross, ebering_ghost_reflecting_pool, uniq_lodul
Temple:   eino_wide_crystal_templ
Lair:1:   layout_gridlike, gammafunk_ghost_grave, beast_lair_carwin_8
Lair:2:   layout_cave_pods, nicolae_shoals_entry_flooding, uniq_sonja
Lair:3:   layout_roguey, minmay_snake_entry_spellcaster
Lair:4:   regret_index_harrowing_hell_hive, layout_regular_city,
          serial_bayou_shore_b
Lair:5:   hellmonk_lair_end_abyssal_woods, layout_regular_city,
          minmay_slime_entry_eyes, nicolae_quartered_pool_impasse, st_stairs_10

Skill      XL: |  1  2  3  4  5  6  7  8  9 10 11 12 13 14 |
---------------+-------------------------------------------+-----
Long Blades    | 1 2 3 4 5 6 8 10 11 13 15 16 17 | 17.2
Armour         | 1 2 3 4 5 7 8 9 11 12 | 12.4
Fighting       | 4 5 6 8 9 10 11 12 | 12.9
Invocations    | 1 2 3 4 5 6 7 9 10 | 10.2
Dodging        | 4 5 6 7 8 9 10 11 | 11.6
Short Blades   | |  3.2

Action                     |  1- 3 |  4- 6 |  7- 9 | 10-12 | 13-15 || total
---------------------------+-------+-------+-------+-------+-------++-------
  Melee: Short sword       |    50 |       |       |       |       ||    50
         Headbutt          |    12 |    11 |    77 |   150 |   148 ||   398
         Dagger            |    13 |    63 |   144 |    20 |    30 ||   270
         Long sword        |       |       |   117 |   457 |   400 ||   974
 Invoke: Line Pass         |       |       |       |     1 |     1 ||     2
         Grand Finale      |       |       |       |     1 |       ||     1
         Stomp             |       |       |       |       |     3 ||     3
  Evoke: Wand              |       |       |       |     4 |     5 ||     9
    Use: Scroll            |       |       |     8 |     9 |     2 ||    19
         Potion            |       |       |       |     6 |     2 ||     8
   Stab: Paralysed         |       |       |       |    21 |    53 ||    74
         Confused          |       |       |       |     2 |       ||     2
 Armour: Robe              |     5 |     7 |    45 |   107 |   104 ||   268
  Dodge: Dodged            |    26 |    29 |   160 |   414 |   491 ||  1120

Table legend: (Time is in decaauts)
 A = Elapsed time spent in this place.
 B = Non-inter-level travel time spent in this place.
 C = Inter-level travel time spent in this place.
 D = Time resting spent in this place.
 E = Time spent auto-exploring this place.
 F = Levels seen in this place.
 G = Mean time per level.
                   A        B        C        D        E       F      G
               +--------+--------+--------+--------+--------+-----+--------+
         Total |  12716 |  11845 |    871 |    972 |   8655 |  19 |  669.3 |
       Dungeon |   8400 |   7737 |    663 |    749 |   5775 |  12 |  700.0 |
        Temple |     58 |     45 |     13 |      0 |     38 |   1 |   58.0 |
          Lair |   3919 |   3725 |    194 |    113 |   2716 |   5 |  783.8 |
       Ossuary |    337 |    337 |      0 |    110 |    126 |   1 |  337.0 |
               +--------+--------+--------+--------+--------+-----+--------+

Top non-repeatable levels by time:
  Lair:1: 1123 daAuts
    D:10: 1100 daAuts
  Lair:4: 1088 daAuts
     D:5: 1066 daAuts
     D:6: 1026 daAuts
  Lair:3: 895 daAuts
     D:8: 840 daAuts
     D:3: 837 daAuts
     D:1: 805 daAuts
     D:7: 781 daAuts
     D:4: 673 daAuts
  Lair:5: 653 daAuts
    D:11: 577 daAuts
     D:9: 421 daAuts
 Ossuary: 337 daAuts
